Map: Agria Valley

Players

A.I. 1 (Harder)

  • Race: Zerg Zerg
  • Spawn Location: 5:00

NamroodTuo - Winner!

  • Race: Terran Terran
  • Spawn Location: 11:00

VOD

Have the link to the VOD?

Description

Time

  • Played on: Jan. 4, 2023, 11:57 a.m.
  • Length: 24:05
Show
View Real Time Build Order
Export as new Build Order

A.I. 1 (Harder) Zerg 

Build Orders: 1 Base Baneling Bust, Pool First 

Get SALT Encoding   

  12  0:00  Drone  
  13  0:12  Overlord  
  13  0:18  Drone  
  14  0:30  Drone  
  14  0:31  Drone  
  16  0:42  Spawning Pool  
  15  0:45  Drone  
  15  0:49  Drone  
  17  0:52  Extractor  
  17  0:55  Drone  
  17  1:06  Overlord  
  17  1:30  Queen  
  17  1:31  Zergling x2  
  20  1:38  Drone, Zergling x2, Roach Warren  
  21  1:44  Extractor  
  20  1:49  Drone  
  21  2:00  Drone  
  22  2:10  Zergling x2  
  23  2:21  Drone  
  24  2:32  Overlord  
  24  2:35  Lair  
  24  2:37  Drone, Zergling x2  
  26  3:11  Overlord, Zergling x2  
  27  3:19  Metabolic Boost  
  27  3:23  Zergling x2  
  28  3:30  Zergling x2  
  29  3:35  Infestation Pit  
  29  3:36  Hydralisk Den  
  29  3:37  Drone  
  28  3:51  Drone  
  29  4:00  Overlord  
  29  4:04  Zergling x2  
  29  4:10  Swarm Host  
  29  4:15  Drone  
  33  4:17  Hydralisk  
  33  4:20  Drone  
  33  4:23  Drone  
  37  4:25  Hydralisk  
  39  4:32  Drone  
  40  4:41  Baneling Nest  
  40  4:43  Swarm Host  
  40  4:44  Drone  
  43  4:46  Evolution Chamber  
  43  4:47  Drone  
  43  4:54  Drone  
  44  5:05  Drone  
  45  5:16  Overlord, Swarm Host  
  48  6:09  Overlord  
  48  6:10  Roach, Burrow, Zerg Melee Weapons Level 1  
  50  6:16  Roach  
  52  6:22  Hatchery  
  52  6:23  Roach  
  53  6:26  Drone  
  53  6:29  Roach  
  56  6:36  Roach  
  56  6:37  Overlord  
  53  6:41  Hydralisk  
  55  6:49  Roach  
  57  6:55  Roach  
  59  7:02  Roach  
  59  7:08  Roach  
  63  7:13  Overlord  
  63  7:14  Roach  
  65  7:18  Overseer  
  65  7:21  Overseer  
  65  7:22  Hydralisk  
  67  7:26  Spore Crawler  
  67  7:28  Hydralisk  
  68  7:31  Spore Crawler  
  68  7:32  Drone  
  68  7:35  Hydralisk, Drone  
  71  7:39  Drone  
  72  7:44  Drone  
  72  7:50  Drone  
  74  7:55  Drone x2  
  74  7:57  Drone  
  77  7:59  Drone  
  77  8:02  Drone  
  77  8:04  Zerg Ground Armor Level 1  
  79  8:05  Drone  
  80  8:13  Drone  
  80  8:15  Spine Crawler  
  80  8:16  Drone  
  81  8:23  Drone  
  81  8:24  Spine Crawler  
  81  8:26  Overlord, Drone  
  82  8:29  Drone  
  82  8:30  Drone  
  84  8:35  Drone  
  84  8:38  Drone, Spore Crawler  
  85  8:46  Overlord  
  85  8:48  Drone  
  85  8:52  Spore Crawler  
  85  8:56  Queen  
  85  8:57  Drone  
  85  9:00  Drone  
  89  9:03  Queen  
  89  9:07  Overlord  
  89  9:09  Overseer  
  91  9:16  Spire  
  90  9:17  Drone  
  90  9:22  Spine Crawler  
  90  9:23  Drone  
  91  9:27  Drone, Spine Crawler  
  91  9:32  Evolution Chamber  
  91  9:33  Drone  
  91  9:58  Zerg Missile Weapons Level 1  
  91  10:01  Extractor  
  91  10:04  Extractor  
  89  10:12  Zergling x2  
  89  10:13  Pneumatized Carapace  
  90  10:14  Overlord  
  90  10:15  Zergling x2  
  90  10:17  Zergling x2  
  90  10:19  Zergling x2  
  93  10:21  Zergling x2  
  93  10:23  Overseer  
  93  10:24  Zergling x2  
  93  10:28  Hatchery, Zergling x2  
  96  10:33  Overlord  
  95  10:38  Zergling x2  
  96  10:45  Zergling x2  
  96  10:49  Zergling x2, Baneling  
  98  10:51  Baneling  
  98  10:54  Overlord, Mutalisk  
  98  10:56  Zergling x2  
  101  10:58  Mutalisk  
  101  11:01  Zergling x2  
  101  11:03  Zergling x2  
  101  11:04  Overseer  
  101  11:05  Mutalisk  
  101  11:07  Mutalisk  
  101  11:10  Baneling x4  
  85  11:11  Zergling x2  
  85  11:18  Zergling x2  
  87  11:22  Mutalisk  
  87  11:23  Drone x2  
  87  11:24  Centrifugal Hooks, Mutalisk  
  93  11:26  Mutalisk  
  93  11:29  Mutalisk  
  97  11:38  Zerg Melee Weapons Level 2  
  97  11:41  Drone  
  97  11:42  Drone x3  
  97  11:44  Drone  
  102  11:51  Drone  
  102  11:52  Drone x3  
  102  11:53  Drone  
  107  11:55  Drone  
  107  11:59  Drone  
  107  12:01  Drone  
  110  12:02  Drone  
  110  12:05  Drone  
  110  12:06  Drone  
  110  12:07  Extractor  
  110  12:08  Drone  
  113  12:12  Drone  
  114  12:16  Drone  
  114  12:17  Overlord, Overseer  
  114  12:20  Drone  
  116  12:23  Zerg Ground Armor Level 2  
  116  12:31  Zerg Flyer Weapons Level 1  
  116  12:37  Overlord  
  116  12:38  Spore Crawler  
  116  12:39  Drone  
  116  12:46  Queen, Spore Crawler  
  116  12:48  Drone  
  118  13:05  Overlord  
  118  13:06  Extractor  
  118  13:08  Drone  
  118  13:11  Drone, Spine Crawler, Overseer  
  118  13:13  Spine Crawler  
  118  13:14  Drone  
  118  13:24  Hive  
  118  13:36  Infestor  
  120  13:46  Corruptor  
  120  13:47  Overlord  
  122  13:54  Zerg Missile Weapons Level 2  
  108  13:56  Zergling x2  
  108  14:02  Roach  
  92  14:06  Hydralisk  
  83  14:12  Roach  
  83  14:16  Hydralisk  
  87  14:22  Roach  
  89  14:26  Infestor  
  91  14:31  Infestor  
  91  14:35  Viper  
  91  14:37  Roach, Greater Spire  
  98  14:42  Roach  
  100  14:47  Roach  
  100  14:51  Hydralisk  
  104  14:56  Hydralisk  
  104  14:57  Hatchery, Drone  
  106  15:01  Infestor  
  106  15:07  Infestor  
  108  15:12  Infestor  
  112  15:29  Queen  
  110  15:41  Corruptor  
  109  15:47  Zergling x2  
  109  15:48  Viper  
  109  15:49  Spore Crawler  
  99  15:50  Overseer  
  99  15:53  Roach  
  75  15:58  Roach  
  75  16:02  Hydralisk  
  75  16:03  Spore Crawler  
  75  16:08  Roach  
  75  16:10  Drone  
  75  16:11  Drone x3  
  70  16:12  Drone x3  
  70  16:13  Drone x2  
  70  16:14  Drone x3  
  70  16:16  Hydralisk  
  70  16:17  Drone x2  
  70  16:18  Drone x2  
  80  16:19  Drone  
  80  16:24  Drone  
  81  16:29  Extractor, Corruptor, Brood Lord  
  84  16:37  Roach  
  84  16:39  Drone  
  86  16:42  Roach  
  86  16:43  Extractor  
  81  16:47  Roach  
  81  16:51  Hydralisk  
  70  16:56  Hydralisk  
  70  16:57  Hatchery  
  67  17:02  Zergling x2  
  67  17:06  Infestor  
  64  17:11  Infestor  
  59  17:17  Roach  
  59  17:23  Zergling x2  
  57  17:32  Roach  
  59  17:37  Extractor, Roach  
  59  17:42  Overseer  
  59  17:43  Brood Lord  
  62  17:49  Corruptor  
  64  18:06  Hydralisk  
  64  18:07  Roach, Queen, Zergling x6  
  64  18:08  Zergling x4  
  64  18:09  Hydralisk  
  73  18:16  Hydralisk  
  75  18:21  Hydralisk  
  75  18:26  Hydralisk, Spawning Pool  
  71  18:31  Hydralisk  
  71  18:33  Roach  
  75  18:41  Spire  
  72  18:51  Evolution Chamber  
  62  19:14  Zergling x2, Evolution Chamber  
  62  19:15  Drone, Zergling x4, Lair  
  62  19:16  Zergling x6  
  68  19:54  Corruptor  
  70  20:09  Overlord  
  70  20:14  Drone, Infestation Pit, Overseer  
  70  20:25  Corruptor  
  72  20:36  Overlord  
  72  20:41  Overseer  
  72  20:52  Hive, Infestor  
  72  20:55  Drone  
  75  20:57  Overseer  
  75  20:58  Overlord  
  75  21:13  Mutalisk  
  75  21:18  Overlord  
  77  21:29  Overlord  
  77  21:32  Drone  
  63  21:40  Spire  
  63  21:44  Drone  
  56  21:49  Overlord  
  56  21:56  Evolution Chamber  
  56  21:57  Overlord  
  55  22:02  Evolution Chamber  
  51  22:17  Overlord  
  51  22:18  Drone  
  46  22:22  Drone  
  46  22:23  Drone  
  46  22:27  Hatchery  
  46  22:28  Drone  
  46  22:29  Spawning Pool  
  39  22:52  Extractor  
  23  23:13  Drone  
  7  23:27  Drone  
  7  23:32  Drone  
  7  23:34  Drone  
  7  23:38  Drone  
  3  23:49  Drone  
Show
View Real Time Build Order
Export as new Build Order

NamroodTuo Terran - Winner!

Build Orders:  

Get SALT Encoding   

  12  0:00  SCV  
  13  0:14  Supply Depot  
  13  0:19  SCV  
  14  0:31  SCV  
  15  0:39  Barracks  
  15  0:43  SCV  
  16  0:53  Supply Depot  
  16  0:55  SCV  
  17  1:07  SCV  
  17  1:10  Barracks  
  18  1:19  SCV  
  18  1:23  Supply Depot  
  19  1:31  SCV  
  20  1:33  Marine  
  21  1:43  Refinery  
  21  1:51  Marine  
  21  1:53  Engineering Bay  
  22  2:05  Supply Depot  
  22  2:06  Marine  
  23  2:08  Marine  
  24  2:18  SCV  
  25  2:24  Marine  
  25  2:26  Marine  
  27  2:34  Barracks  
  27  2:41  SCV  
  27  2:42  Marine  
  29  2:44  Refinery  
  30  2:55  Barracks Tech Lab  
  29  3:00  Marine  
  29  3:02  Terran Infantry Weapons Level 1  
  30  3:17  Marine  
  31  3:21  SCV  
  31  3:24  Marine  
  31  3:25  Marine  
  34  3:35  Marine  
  34  3:40  Bunker  
  35  3:42  Marine  
  35  3:43  Marine  
  37  3:53  Marine  
  38  4:00  Marine  
  38  4:01  Marine  
  40  4:11  Marine  
  41  4:18  Marine  
  41  4:19  Marine  
  41  4:21  Bunker  
  43  4:29  Marine  
  44  4:33  SCV  
  44  4:36  Marine  
  46  4:41  Marine  
  47  4:50  Supply Depot  
  47  4:56  Neosteel Armor  
  47  5:11  Marine x2  
  47  5:13  Supply Depot  
  49  5:18  Command Center  
  49  5:20  SCV  
  50  5:25  Marine  
  51  5:36  Supply Depot  
  51  5:39  Missile Turret  
  51  5:58  Missile Turret  
  51  6:04  Marine  
  51  6:05  Marine x2  
  54  6:21  Missile Turret  
  54  6:22  Marine  
  54  6:23  Marine x2  
  54  6:25  Factory  
  57  6:37  Terran Infantry Armor Level 1  
  57  6:42  Missile Turret  
  57  7:06  Bunker  
  57  7:07  Marauder  
  59  7:19  Armory  
  59  7:24  SCV  
  59  7:29  Marauder  
  62  7:36  SCV  
  63  7:48  SCV  
  63  7:50  Marauder  
  66  7:55  Bunker  
  66  8:00  SCV  
  67  8:11  Marauder  
  69  8:12  SCV  
  69  8:18  Refinery  
  70  8:20  Refinery  
  70  8:25  SCV  
  70  8:26  Bunker  
  71  8:31  Hi-Sec Auto Tracking  
  71  8:33  Marauder  
  73  8:37  SCV  
  74  8:49  SCV  
  74  8:54  Marauder  
  77  8:57  Command Center  
  77  9:01  SCV  
  78  9:08  Orbital Command  
  78  9:13  SCV  
  78  9:16  Marauder  
  81  9:25  SCV  
  81  9:27  Terran Infantry Weapons Level 2  
  82  9:37  SCV  
  83  9:52  SCV  
  84  10:04  SCV  
  85  10:16  SCV  
  86  10:25  Refinery  
  86  10:28  SCV  
  87  10:40  Orbital Command, SCV  
  88  10:45  Marine x3  
  91  10:58  Orbital Command  
  91  11:03  Marine x3  
  94  11:19  Starport  
  94  11:20  Marine  
  94  11:21  Marine x2  
  94  11:25  Terran Vehicle Weapons Level 1  
  93  11:33  Combat Shield  
  93  11:38  Marine  
  93  11:39  Marine x2  
  96  11:43  Terran Infantry Armor Level 2  
  96  11:44  Refinery  
  96  11:53  Supply Depot  
  96  11:55  Supply Depot  
  96  11:56  Marine  
  96  11:57  Marine x2  
  96  11:58  Supply Depot  
  99  12:33  Fusion Core, Starport Tech Lab  
  99  12:43  Starport, Marine x2  
  101  12:44  Marine  
  102  12:51  Medivac  
  104  13:01  Marine x2  
  104  13:02  Marine  
  104  13:04  SCV  
  108  13:16  SCV  
  108  13:19  Marine x3, Terran Ship Weapons Level 1  
  111  13:20  Starport  
  111  13:21  Medivac  
  114  13:28  SCV  
  115  13:37  Marine x3  
  118  13:51  Medivac  
  118  13:54  Marine  
  118  13:55  Marine x2  
  116  14:12  Marine x2  
  116  14:13  Marauder  
  120  14:21  Medivac  
  122  14:30  Terran Infantry Weapons Level 3, Marine x2  
  124  14:35  Marauder  
  124  14:37  Starport Tech Lab x2  
  126  14:39  Weapon Refit  
  126  14:48  Marine x2  
  126  14:51  Medivac  
  130  14:56  Marauder  
  132  15:06  Marine x2  
  134  15:12  Battlecruiser x2  
  134  15:13  Terran Vehicle And Ship Armor Level 1  
  146  15:18  Marauder  
  148  15:21  Battlecruiser  
  148  15:24  Marine x2  
  154  15:39  Marauder  
  148  16:16  Battlecruiser  
  148  16:17  Battlecruiser  
  166  16:25  Battlecruiser  
  132  17:07  Terran Infantry Armor Level 3  
  127  17:20  Battlecruiser  
  127  17:21  Battlecruiser  
  141  17:30  Battlecruiser  
  133  18:25  Battlecruiser x2  
  151  18:34  Battlecruiser  
  151  19:29  Battlecruiser x2  
  169  19:38  Battlecruiser  
  169  19:55  Terran Vehicle And Ship Armor Level 2  
  169  20:00  Corvid Reactor  
  169  20:01  Cloaking Field  
  169  20:03  Hyperflight Rotors  
  169  20:06  Stimpack  
  169  20:33  Battlecruiser  
  169  20:34  Battlecruiser  
  187  20:42  Battlecruiser  
  187  21:37  Battlecruiser  
  193  21:46  Concussive Shells  
Tags
 
Add a new tag
Caveats
  • Supply blocks, unpowered buildings, or Contaminate may cause inaccurate times.
  • Supply counts are checked every 10 seconds.